 Dungeon Crawl Stone Soup version 0.30-a0-830-gfe289a77b0 (webtiles) character file.

Game seed: 2558214983573878288

378277 Ceno the Black Belt (level 22, 0/169 HPs)
             Began as an Octopode Transmuter on Feb 27, 2023.
             Was an Initiate of Gozag.
             Slain by a quicksilver dragon (15 damage)
             ... on level 2 of the Depths on Mar 1, 2023.
             The game lasted 04:04:47 (76930 turns).

Ceno the Black Belt (Octopode Transmuter)          Turns: 76930, Time: 04:04:47

Health: 0/169      AC: 11    Str: 15    XL:     22   Next: 82%
Magic:  0/55       EV: 21    Int: 22    God:    Gozag
Gold:   7639       SH:  0    Dex: 16    Spells: 10/43 levels left

rFire   + . .      SeeInvis +      - Unarmed
rCold   + . .      Faith    .    (no shield)
rNeg    + . .      Spirit   +    I - +2 hat
rPois   +          Reflect  .    A - amulet of Light {Spirit Fragile Will+ Str+3}
rElec   .          Harm     .    k - ring of willpower
rCorr   .          Rampage  .    p - ring of see invisible
Will    +++..                    T - +4 ring of protection
Stlth   ++++                     Z - ring of magical power
HPRegen 0.48/turn                v - ring "Waezu" {rPois rN+ AC+4}
MPRegen 0.34/turn                N - +4 ring of slaying
                                 j - ring of protection from fire
                                 r - ring of Oschibasir {rC+ MP+9 Str+2}

@: gold aura, studying Necromancy, unable to drink
A: almost no armour, amphibious, 8 rings, camouflage 1, gelatinous body 1,
(nimble swimmer 1), tentacles, inability to drink after injury 1
}: 2/15 runes: barnacled, gossamer
a: Renounce Religion, Potion Petition, Call Merchant, Bribe Branch


You were on level 2 of the Depths.
You worshipped Gozag.
Gozag was greatly pleased with you.
You visited 9 branches of the dungeon, and saw 40 of its levels.
You also visited: Ice Cave.

You collected 18386 gold pieces.
You spent 2612 gold pieces at shops.
You paid 8135 gold pieces to Gozag.

Inventory:

Missiles
 c - 173 stones (quivered)
 d - 39 poisoned darts
 g - 3 curare-tipped darts
 U - 3 throwing nets
Armour
 I - a +2 hat (worn)
Jewellery
 j - a ring of protection from fire (on tentacle)
 k - a ring of willpower (left tentacle)
 l - a ring of wizardry
 p - a ring of see invisible (right tentacle)
 r - the ring of Oschibasir (on tentacle) {rC+ MP+9 Str+2}
   (You took it off a deep elf knight on level 3 of the Elven Halls)

   [ring of protection from cold]

   Str:       It affects your strength (+2).
   rC:        It protects you from cold.
   MP:        It affects your magic capacity (+9).
 v - the ring "Waezu" (on tentacle) {rPois rN+ AC+4}
   (You took it off a deep elf demonologist on level 3 of the Elven Halls)

   [ring of protection]

   AC:        It affects your AC (+4).
   rPois:     It protects you from poison.
   rN:        It protects you from negative energy.
 A - the amulet of Light (around mantle) {Spirit Fragile Will+ Str+3}
   (You acquired it on level 8 of the Dungeon)

   [amulet of guardian spirit]

   It causes incoming damage to be divided between your reserves of health and
   magic.
   Str:       It affects your strength (+3).
   Fragile:   It will be destroyed if unequipped.
   Will:      It increases your willpower.
 D - a ring of resist corrosion
 G - a ring of wizardry
 H - a ring of protection from cold
 K - a ring of flight
 N - a +4 ring of slaying (on tentacle)
 T - a +4 ring of protection (on tentacle)
 Z - a ring of magical power (on tentacle)
Wands
 o - a wand of roots (45)
 s - a wand of light (18)
 E - a wand of flame (81)
 R - a wand of mindburst (30)
 W - a wand of digging (20)
Scrolls
 e - 22 scrolls of identify
 f - 7 scrolls of immolation
 h - 6 scrolls of poison
 m - 4 scrolls of blinking
 n - 5 scrolls of fear
 q - 5 scrolls of vulnerability
 w - 4 scrolls of torment
 x - 9 scrolls of magic mapping
 y - 3 scrolls of amnesia
 C - 20 scrolls of teleportation
 F - 8 scrolls of butterflies
 M - 6 scrolls of fog
 P - 2 scrolls of silence
 X - 2 scrolls of enchant armour
Potions
 a - 8 potions of lignification
 b - 5 potions of might
 i - 6 potions of haste
 t - 8 potions of brilliance
 u - 9 potions of flight
 z - 23 potions of curing
 J - 3 potions of berserk rage
 L - 2 potions of heal wounds
 O - 5 potions of magic
 Q - a potion of ambrosia
 S - 2 potions of cancellation {unknown}
 V - 3 potions of mutation
Miscellaneous
 B - a phial of floods


   Skills:
 + Level 19.4 Fighting
 - Level 15.0 Dodging
 - Level 5.0 Stealth
 + Level 20.5 Unarmed Combat
 * Level 11.3 Spellcasting
 - Level 11.1 Summonings
 - Level 10.0 Translocations
 - Level 15.0 Transmutations
 - Level 5.0 Ice Magic
 - Level 10.0 Earth Magic
 - Level 3.0 Poison Magic


You had 10 spell levels left.
You knew the following spells:

 Your Spells              Type           Power      Damage    Failure   Level
a - Manifold Assault      Tloc           54%        N/A       1%          4
b - Wereblood             Tmut           68%        N/A       0%          2
c - Dragon Form           Tmut           34%        N/A       10%         7
d - Statue Form           Tmut/Erth      40%        N/A       4%          6
e - Summon Mana Viper     Hex/Summ       37%        N/A       14%         5
f - Blade Hands           Tmut           34%        N/A       1%          5
g - Ice Form              Ice/Tmut       54%        N/A       1%          4

Your spell library contained the following spells:

 Spells                   Type           Power      Damage    Failure   Level
 Beastly Appendage        Tmut           100%       N/A       0%          1
 Apportation              Tloc           100%       N/A       1%          1
 Freeze                   Ice            100%       1d10      1%          1
 Sting                    Tmut/Pois      100%       1d8       1%          1
 Summon Small Mammal      Summ           100%       N/A       1%          1
 Blink                    Tloc           100%       N/A       1%          2
 Lesser Beckoning         Tloc           100%       N/A       1%          2
 Momentum Strike          Conj/Tloc      68%        3d9       1%          2
 Passwall                 Tmut/Erth      50%        N/A       1%          2
 Frozen Ramparts          Ice            68%        1d11      1%          3
 Gell's Gravitas          Tloc           54%        N/A       1%          3
 Ignite Poison            Fire/Tmut/Pois 38%        N/A       1%          3
 Portal Projectile        Hex/Tloc       68%        N/A       1%          3
 Spider Form              Tmut/Pois      51%        N/A       1%          3
 Teleport Other           Tloc           54%        N/A       1%          3
 Summon Forest            Summ/Tloc      28%        N/A       1%          5
 Lee's Rapid Deconstruct  Erth           27%        3d14*     2%          5
 Alistair's Intoxication  Tmut/Pois      34%        N/A       3%          5
 Poisonous Vapours        Pois/Air       38%        N/A       4%          2
 Kindle Blastsparks       Fire/Tloc/Air  54%        2d14      4%          3
 Foxfire                  Conj/Fire      48%        2x1d6     5%          1
 Kiss of Death            Conj/Necr      48%        2d9       5%          1
 Necrotise                Necr           48%        1d6       5%          1
 Slow                     Hex            48%        N/A       5%          1
 Hailstorm                Conj/Ice       23%        3d7       5%          3
 Leda's Liquefaction      Hex/Erth       17%        N/A       7%          4
 Scorch                   Fire           24%        2d6       8%          2
 Summon Cactus Giant      Summ           29%        N/A       9%          6
 Dispersal                Tloc           27%        N/A       13%         6
 Confusing Touch          Hex            12%        N/A       16%         3
 Inner Flame              Hex/Fire       12%        N/A       16%         3
 Tukima's Dance           Hex            12%        N/A       16%         3
 Vampiric Draining        Necr           12%        2d6       16%         3
 Olgreb's Toxic Radiance  Pois           25%        N/A       16%         4
 Borgnjor's Vile Clutch   Necr/Erth      17%        N/A       19%         5
 Eringya's Noxious Bog    Tmut/Pois      25%        N/A       21%         6
 Cause Fear               Hex            6%         N/A       45%         4
 Dispel Undead            Necr           12%        3d9       45%         4
 Sticky Flame             Conj/Fire      12%        2d4       45%         4
 Freezing Cloud           Conj/Ice/Air   9%         6-21      58%         5
 Agony                    Necr           12%        N/A       82%         5
 Fireball                 Conj/Fire      6%         3d5       82%         5
 Iskenderun's Battlesphe  Conj           12%        2d7       82%         5
 Lightning Bolt           Conj/Air       6%         1d18      82%         5
 Storm Form               Tmut/Air       22%        N/A       90%         7
 Disjunction              Tloc           27%        N/A       99%         8
 Conjure Ball Lightning   Conj/Air       6%         3x3d6     100%        6
 Death Channel            Necr           6%         N/A       100%        6
 Starburst                Conj/Fire      6%         6d4       100%        6
 Discord                  Hex            6%         N/A       100%        8
 Ignition                 Fire           6%         3d4       100%        8
 Chain Lightning          Conj/Air       6%         3d8       100%        9
 Dragon's Call            Summ           29%        N/A       100%        9
 Fire Storm               Conj/Fire      6%         8d2       100%        9
 Polar Vortex             Ice            17%        N/A       100%        9
 Shatter                  Erth           27%        3d23*     100%        9
 Simulacrum               Ice/Necr       Unusable   N/A       N/A         6

Dungeon Overview and Level Annotations

Branches:
Dungeon (15/15)            Temple (1/1) D:4            Lair (5/5) D:10
 Shoals (4/4) Lair:2       Spider (4/4) Lair:2        Slime (0/5) Lair:5
    Orc (2/2) D:12            Elf (3/3) Orc:2        Vaults (4/5) D:14
  Crypt (0/3) Vaults:2     Depths (2/4) D:15          IceCv (visited)

Altars:
Ashenzari
Cheibriados
Dithmenos
Elyvilon
Fedhas
Gozag
Hepliaklqana
Kikubaaqudgha
Makhleb
Nemelex Xobeh
Okawaru
Qazlal
Ru
Sif Muna
Trog
Uskayaw
Vehumet
Wu Jian
Xom
Yredelemnul
Zin
The Shining One

Shops:
D:2 =   D:10 (   D:15 :*   Orc:2 *:=*?   Elf:3 (   Depths:1 :

Portals:
Hell: Depths:1 Depths:2
Abyss: Depths:1
Pandemonium: Depths:2
Trove: Vaults:1 (give 7 potions of haste)

Annotations:
D:4 Edmund
D:10 exclusion: 2 obsidian statues
Lair:1 Urug
Lair:3 exclusion: downstairs
Lair:4 1 runed translucent door, exclusions: catoblepas, manticore and upstairs, patfeehan111222's ghost, journeyman MiBe
Shoals:3 3 runed translucent doors
Elf:2 3 runed translucent doors


Innate Abilities, Weirdness & Mutations

You cannot wear most types of armour.
You are amphibious.
You can wear up to eight rings at the same time.
Your skin changes colour to match your surroundings (Stealth+).
Your rubbery body absorbs attacks. (AC +1, EV +1)
((You are camouflaged when in or above water. (Stealth+)))
You have tentacles for arms and can constrict up to eight enemies at once.
You occasionally lose the ability to drink potions when taking damage.


Message History

The quicksilver dragon is no longer distracted by gold.
The quicksilver dragon is severely wounded.
The quicksilver dragon closely misses you.
The quicksilver dragon claws you!
* * * LOW HITPOINT WARNING * * *
You tentacle-slap the quicksilver dragon but do no damage.
You squeeze the quicksilver dragon.
The quicksilver dragon is almost dead.
The quicksilver dragon completely misses you.
The quicksilver dragon claws you but does no damage.
You barely miss the quicksilver dragon.
You squeeze the quicksilver dragon, but do no damage.
The quicksilver dragon is almost dead.
You bludgeon the quicksilver dragon!
Your squeeze misses the quicksilver dragon.
The quicksilver dragon is almost dead.
The quicksilver dragon breathes dispelling energy at you.
The bolt of dispelling energy hits you!!
* * * LOW HITPOINT WARNING * * *
You hear a shout!
You closely miss the quicksilver dragon.
The quicksilver dragon is almost dead.
The quicksilver dragon bites you but does no damage.
The quicksilver dragon claws you.
* * * LOW HITPOINT WARNING * * *
You barely miss the quicksilver dragon.
The quicksilver dragon is almost dead.
The quicksilver dragon bites you but does no damage.
The quicksilver dragon completely misses you.
You miss the quicksilver dragon.
You tentacle-slap the quicksilver dragon, but do no damage.
The quicksilver dragon is almost dead.
The quicksilver dragon bites you.
* * * LOW HITPOINT WARNING * * *
The quicksilver dragon completely misses you.
You closely miss the quicksilver dragon.
The quicksilver dragon is almost dead.
The quicksilver dragon bites you!
You die...
Your body crumbles into a pile of gold.

#########..........##...##.
##.......####.......#....#..
##).8...8..####'#....#....#8.
##...........##..####)###'##..
#.............#........#..+##.
##.............##...########### .
#..8[........8..#..##.....###..
..#...............#..#.#####.#.#.
...............D@$'..+......)#.#.
..#..............$#).#...8...'.#.
. #..8[.......!8..#.)........#.#.
##.............##.)#)#####.#.#.
#.............##'###()...###..
##...........##...########.###
###..8...8..###.......##...##.
#.##.......##.##.......#'###..
#.'#########...##......#...#8.


You could see a quicksilver dragon.

Vanquished Creatures
  Xtahua (Vaults:2)
  Bai Suzhen (Spider:4)
  Frederick (Vaults:2)
  Nikola (Shoals:2)
  Arachne (Spider:3)
  A lich (Depths:2)
  2 deep elf blademasters (Elf:3)
  A titan (Depths:1)
  Zenata (Vaults:3)
  2 deep elf master archers (Elf:3)
  Gastronok (Lair:1)
  Polyphemus (Shoals:4)
  A sphinx (Vaults:2)
  Ilsuiw (Shoals:2)
  A tengu reaver (Depths:2)
  3 fire giants
  7 deep elf sorcerers
  An iron dragon (Depths:1)
  3 ghost moths
  14 vault wardens
  9 emperor scorpions
  5 frost giants
  6 deep elf elementalists
  A balrug (Depths:2)
  Louise (D:15)
  2 orc warlords
  A spriggan defender (Depths:2)
  2 war gargoyles
  9 stone giants
  A reaper (Depths:2)
  11 ironbound preservers
  3 broodmothers
  10 ironbound thunderhulks
  27 very ugly things
  4 vampire knights
  7 deep elf annihilators (Elf:3)
  7 deep elf demonologists (Elf:3)
  15 dire elephants
  10 spark wasps (Depths:2)
  4 deep elf death magi (Elf:3)
  A crystal guardian (Vaults:2)
  6 merfolk impalers
  5 ettins
  A merfolk javelineer (Shoals:4)
  3 fire dragons
  7 entropy weavers
  7 great orbs of eyes
  2 ice dragons
  6 hydras
  8 yaktaur captains
  A rakshasa (Depths:1)
  A spriggan air mage (Depths:1)
  2 peacekeepers
  7 radroaches
  15 centaur warriors
  4 ogre magi
  7 ironbound frosthearts
  3 catoblepae
  2 jorogumos
  11 vault guards
  2 death knights
  6 merfolk avatars
  7 boulder beetles
  4 merfolk aquamancers
  19 two-headed ogres
  3 satyrs
  A deep troll shaman (Lair:5)
  5 tengu warriors
  A death scarab (Spider:3)
  9 dancing weapons
  5 deep troll earth magi
  6 deep elf knights
  6 orc high priests
  16 death yaks
  A hell knight (Depths:2)
  8 skysharks
  3 pharaoh ants
  17 sea snakes
  2 iron trolls (Vaults:4)
  4 sun moths
  2 flayed ghosts
  34 deep trolls
  3 glowing orange brains
  4 deep elf archers
  2 bog bodies (IceCv)
  4 phantasmal warriors (Depths:1)
  21 ironbound convokers
  6 wizards
  5 orb spiders
  Pikel (D:6)
  A swamp dragon (shapeshifter) (Elf:2)
  18 harpies
  12 deep elf zephyrmancers
  11 deep elf pyromancers
  3 lindwurms (Vaults:4)
  22 wolf spiders
  2 necromancers
  7 orc sorcerers
  35 ugly things
  9 fauns
  11 orc knights
  7 steelbarb worms
  3 cyclopes
  A faun (shapeshifter) (D:14)
  12 manticores
  9 elephants
  7 water nymphs
  3 moths of wrath
  12 merfolk sirens
  A torpor snail (shapeshifter) (D:12)
  An ice statue (IceCv)
  2 orange demons (Depths:2)
  21 vault sentinels
  7 demonic crawlers
  6 black mambas
  4 torpor snails
  A gargoyle (D:11)
  A naga mage (D:15)
  8 cane toads
  3 efreet
  A hellion (Depths:2)
  Psyche (D:9)
  2 rime drakes
  A tengu conjurer (Depths:2)
  5 komodo dragons
  A freezing wraith (D:14)
  4 kobold demonologists
  32 yaktaurs
  6 trolls
  2 wind drakes
  22 merfolk
  8 blink frogs
  6 dream sheep
  A hornet (D:8)
  25 tarantellas
  Prince Ribbit (D:6)
  9 snapping turtles
  A polar bear (Lair:5)
  24 jumping spiders
  A wyvern (Lair:1)
  A shadow (D:9)
  A ynoxinul (Depths:2)
  11 water elementals
  An air elemental (Elf:3)
  17 slime creatures
  A spriggan (shapeshifter) (D:14)
  Sigmund (D:2)
  24 culicivoras
  2 fire elementals (Elf:3)
  3 wraiths
  40 yaks
  3 vampires (Vaults:2)
  Eustachio (D:6)
  3 basilisks
  2 steam dragons
  2 humans (D:7)
  2 dire elephant simulacra (IceCv)
  64 redbacks
  A chaos spawn (Depths:2)
  5 vampire mosquitoes
  A death yak simulacrum (IceCv)
  Menkaure (D:5)
  8 wargs
  An acid dragon (D:11)
  3 hydra simulacra (IceCv)
  4 water moccasins
  31 orc warriors
  8 sky beasts
  2 ice beasts (D:7)
  4 black bears
  A boggart (Elf:1)
  17 ogres
  15 wolves
  18 centaurs
  A phantom (D:4)
  3 kobold brigands
  9 bullfrogs
  A necrophage (D:7)
  A gnoll sergeant (D:13)
  2 scorpions
  2 cane toad simulacra (IceCv)
  6 earth elementals
  6 two-headed ogre simulacra (IceCv)
  27 wights
  An elephant simulacrum (IceCv)
  15 killer bees
  2 electric eels (Spider:1)
  2 howler monkeys (D:13)
  3 hounds
  3 jellies
  17 orc priests
  Natasha (thrice) (D:4)
  5 iguanas
  19 orc wizards
  5 polar bear simulacra (IceCv)
  3 spriggan simulacra (IceCv)
  3 troll simulacra (IceCv)
  4 wolf simulacra (IceCv)
  17 gnolls
  4 adders
  3 naga simulacra (IceCv)
  2 shadow imps
  23 white imps
  8 ufetubi (IceCv)
  2 worms (D:2)
  2 dart slugs
  56 orcs
  6 ball pythons
  5 bats
  10 endoplasms
  2 giant cockroaches
  7 goblins
  7 hobgoblins
  4 jackals (D:4)
  2 quokkas (D:3)
  6 frilled lizards
  17 kobolds
  5 rats
  A tentacle (Shoals:4)
1510 creatures vanquished.

Vanquished Creatures (others)
  An orc knight (Orc:2)
  A deep elf zephyrmancer (Elf:1)
  2 orc priests (Orc:2)
  3 orcs
  A quokka (D:4)
  A bush (Lair:5)
  20 fungi
  148 plants
  30 tentacles (Shoals:4)
  2 withered plants (Lair:4)
209 creatures vanquished.

Grand Total: 1719 creatures vanquished

Notes
Turn   | Place    | Note
-------+----------+-------------------------------------------
     0 | D:1      | Ceno the Octopode Transmuter began the quest for the Orb.
     0 | D:1      | Reached XP level 1. HP: 13/13 MP: 3/3
   170 | D:1      | Found a faded altar of an unknown god.
   223 | D:1      | Reached skill level 1 in Poison Magic
   272 | D:1      | Reached XP level 2. HP: 17/18 MP: 1/5
   320 | D:1      | Got Plato's Directory of the Blizzard
   324 | D:1      | Learned a level 2 spell: Wereblood
  1050 | D:2      | Reached XP level 3. HP: 23/23 MP: 4/6
  1077 | D:2      | Learned a level 3 spell: Spider Form
  1087 | D:2      | Noticed Sigmund
  1191 | D:2      | Found Moroll's Jewellery Boutique.
  1818 | D:3      | Reached XP level 4. HP: 23/28 MP: 4/7
  2258 | D:3      | Found a burning altar of Makhleb.
  2430 | D:4      | Reached XP level 5. HP: 24/33 MP: 4/8
  2540 | D:4      | Found a white marble altar of Elyvilon.
  2625 | D:4      | Noticed Edmund
  2687 | D:4      | Reached skill level 4 in Unarmed Combat
  2687 | D:4      | Reached skill level 1 in Ice Magic
  3167 | D:4      | Noticed Natasha
  3187 | D:4      | Killed Natasha
  3188 | D:4      | Reached XP level 6. HP: 39/39 MP: 3/9
  3269 | D:4      | Found a staircase to the Ecumenical Temple.
  3275 | Temple   | Entered the Ecumenical Temple
  3313 | Temple   | Became a worshipper of Gozag Ym Sagoz the Greedy
  3347 | D:4      | Noticed Natasha
  3362 | D:4      | Killed Natasha
  3407 | D:4      | Noticed Natasha
  3415 | D:4      | Killed Natasha
  4268 | D:5      | Entered Level 5 of the Dungeon
  4467 | D:4      | HP: 2/41 [phantom (8)]
  4471 | D:4      | Reached XP level 7. HP: 4/45 MP: 8/10
  4779 | D:5      | Noticed Menkaure
  5083 | D:5      | Learned a level 4 spell: Ice Form
  5125 | D:5      | Found an ornate altar of the Wu Jian Council.
  5200 | D:5      | Killed Menkaure
  5201 | D:5      | Reached skill level 5 in Unarmed Combat
  5507 | D:6      | Found a bloodstained altar of Trog.
  5514 | D:6      | Found a broken altar of Ashenzari.
  5515 | D:6      | Noticed Pikel
  5538 | D:6      | Killed Pikel
  5539 | D:6      | Reached skill level 6 in Unarmed Combat
  5539 | D:6      | Reached skill level 5 in Transmutations
  5539 | D:6      | Reached XP level 8. HP: 33/54 MP: 8/11
  5629 | D:6      | Found a shimmering blue altar of Sif Muna.
  5629 | D:6      | Found a hide-covered altar of Uskayaw.
  5636 | D:6      | Found a shadowy altar of Dithmenos.
  5655 | D:6      | Noticed Prince Ribbit
  5676 | D:6      | Killed Prince Ribbit
  5890 | D:6      | Noticed Eustachio
  6067 | D:6      | Killed Eustachio
  6068 | D:6      | Reached skill level 5 in Fighting
  6068 | D:6      | Reached skill level 7 in Unarmed Combat
  6068 | D:6      | Reached XP level 9. HP: 56/61 MP: 9/12
  6101 | D:6      | Reached skill level 5 in Ice Magic
  6552 | D:7      | Found an iron altar of Okawaru.
  6566 | D:7      | Reached skill level 8 in Unarmed Combat
  7482 | D:7      | Reached skill level 9 in Unarmed Combat
  7801 | D:6      | Reached XP level 10. HP: 27/69 MP: 14/16
  8081 | D:7      | Reached skill level 1 in Stealth
  8487 | D:7      | Found a sparkling altar of Nemelex Xobeh.
  8798 | D:8      | Identified 2 scrolls of acquirement
  8798 | D:8      | Acquired a ring of resist corrosion
  8800 | D:8      | Acquired the amulet of Light {Spirit Fragile Will+ Str+3}
  9374 | D:8      | Reached skill level 10 in Unarmed Combat
  9567 | D:8      | Noticed a kobold demonologist
 10150 | D:8      | Found a hazy altar of Hepliaklqana.
 10618 | D:9      | Noticed a kobold demonologist
 10725 | D:9      | Noticed a smoke demon
 10728 | D:9      | Killed a kobold demonologist
 11034 | D:8      | Noticed a sun demon
 11034 | D:8      | Killed a kobold demonologist
 11035 | D:8      | Reached skill level 5 in Stealth
 11149 | D:9      | Noticed Psyche
 11170 | D:9      | Killed Psyche
 11171 | D:9      | Reached skill level 1 in Translocations
 11774 | D:9      | Reached XP level 11. HP: 27/77 MP: 2/17
 12014 | D:10     | Entered Level 10 of the Dungeon
 12021 | D:10     | Found Feetut's Weapon Shop.
 12426 | D:10     | Reached skill level 11 in Unarmed Combat
 12752 | D:10     | Found a staircase to the Lair.
 12858 | D:10     | Noticed an obsidian statue
 12858 | D:10     | Noticed an obsidian statue
 13317 | Lair:1   | Entered Level 1 of the Lair of Beasts
 13668 | Lair:1   | Reached skill level 5 in Dodging
 14323 | Lair:1   | Noticed Gastronok
 14351 | Lair:1   | Killed Gastronok
 14499 | Lair:1   | Noticed Urug
 14834 | Lair:2   | Noticed a seven-headed hydra
 14913 | Lair:2   | Learned a level 4 spell: Manifold Assault
 15411 | Lair:2   | Reached skill level 5 in Translocations
 15680 | Lair:2   | Reached XP level 12. HP: 86/86 MP: 2/18
 16058 | Lair:2   | Killed a seven-headed hydra
 16168 | Lair:2   | Noticed a skyshark
 16190 | Lair:2   | Killed a skyshark
 16282 | Lair:2   | Reached skill level 12 in Unarmed Combat
 16567 | Lair:2   | Found a hole to the Spider Nest.
 16714 | Lair:2   | Noticed a boulder beetle
 16756 | Lair:2   | Killed a boulder beetle
 17029 | Lair:3   | Noticed a skyshark
 17056 | Lair:3   | Killed a skyshark
 17442 | Lair:3   | Reached skill level 5 in Spellcasting
 17458 | Lair:3   | Reached skill level 10 in Fighting
 17579 | Lair:3   | Noticed a skyshark
 17944 | Lair:3   | Noticed a four-headed hydra
 17966 | Lair:3   | Killed a four-headed hydra
 18044 | Lair:3   | Killed a skyshark
 18520 | Lair:4   | Noticed a seven-headed hydra
 18526 | Lair:4   | Killed a seven-headed hydra
 18635 | Lair:4   | Noticed a catoblepas
 18679 | Lair:4   | Noticed a death yak
 18683 | Lair:4   | Noticed a death yak
 18693 | Lair:4   | Killed a death yak
 18696 | Lair:4   | Reached XP level 13. HP: 93/93 MP: 4/21
 19612 | Lair:4   | Found a runed translucent door.
 19616 | Lair:4   | Noticed patfeehan111222's ghost (journeyman MiBe)
 20446 | Lair:4   | Reached skill level 13 in Unarmed Combat
 21569 | Lair:5   | Entered Level 5 of the Lair of Beasts
 21668 | Lair:5   | Found a runed translucent door.
 21673 | Lair:5   | Found a staircase to the Slime Pits.
 22610 | Lair:5   | Reached XP level 14. HP: 99/102 MP: 6/25
 22661 | Lair:5   | Noticed a dire elephant
 24077 | D:11     | Found a frozen archway.
 24140 | IceCv    | Entered an ice cave
 25440 | IceCv    | Reached skill level 14 in Unarmed Combat
 25620 | IceCv    | Found the +8 trishula "Condemnation" {holy, anguish, *Noise
                  | Fly rN+}
 26180 | D:11     | Learned a level 5 spell: Blade Hands
 26822 | D:12     | Found a staircase to the Orcish Mines.
 27305 | Orc:1    | Entered Level 1 of the Orcish Mines
 27698 | Orc:1    | Noticed an orc warlord
 28079 | Orc:1    | Killed an orc warlord
 28297 | Orc:1    | Reached skill level 10 in Translocations
 28971 | Orc:2    | Entered Level 2 of the Orcish Mines
 29319 | Orc:2    | Found Eawasepua's Eclectic Emporium.
 29494 | Orc:2    | Bought a book of the Earth for 612 gold pieces
 29760 | Orc:2    | Found a staircase to the Elven Halls.
 30492 | Orc:2    | Paralysed by something for 3 turns
 30849 | Orc:2    | Reached XP level 15. HP: 105/109 MP: 21/27
 31490 | Orc:2    | Found Qecs's Magic Scroll Boutique.
 31490 | Orc:2    | Found Etruen's Book Shoppe.
 31496 | Orc:2    | Found Rugu's General Store.
 31496 | Orc:2    | Found Woenn's Jewellery Shoppe.
 32091 | D:13     | Reached skill level 1 in Earth Magic
 32889 | D:13     | Learned a level 6 spell: Statue Form
 33195 | D:14     | Reached skill level 15 in Unarmed Combat
 34013 | D:14     | Found a gate to the Vaults.
 35002 | D:15     | Entered Level 15 of the Dungeon
 36037 | D:14     | Identified the +2 leather armour "Eriuq" {+Blink Will+}
 36363 | D:15     | Reached skill level 10 in Transmutations
 36363 | D:15     | Reached XP level 16. HP: 107/118 MP: 18/28
 36557 | D:15     | Noticed Louise
 36589 | D:15     | Killed Louise
 36590 | D:15     | Reached skill level 5 in Earth Magic
 37027 | D:15     | Found a staircase to the Depths.
 38198 | Orc:2    | Bought a ring of poison resistance for 280 gold pieces
 38364 | D:15     | Bought a book of the Dragon for 920 gold pieces
 38620 | D:2      | Bought a ring of protection from fire for 250 gold pieces
 38620 | D:2      | Bought a ring of wizardry for 300 gold pieces
 38620 | D:2      | Bought a ring of protection from cold for 250 gold pieces
 38686 | D:2      | Killed Sigmund
 38937 | Shoals:1 | Entered Level 1 of the Shoals
 38950 | Lair:2   | HP: 4/119 [merfolk/+0 trident (15)]
 39155 | Shoals:1 | HP: 4/119 [manticore/volley of spikes (15)]
 39787 | Shoals:1 | Got the Dissertation on Toxic Sciomancy
 40324 | Shoals:1 | Reached skill level 16 in Unarmed Combat
 40657 | Shoals:1 | Reached skill level 1 in Summonings
 41839 | Shoals:2 | Upgraded the game from 0.30-a0-824-g6c64550be9 to
                  | 0.30-a0-830-gfe289a77b0
 41865 | Shoals:2 | Noticed Ilsuiw
 41865 | Shoals:2 | Noticed Nikola
 42036 | Shoals:2 | Killed Ilsuiw
 42045 | Shoals:2 | Killed Nikola
 42446 | Shoals:2 | You are sucked into a shaft and drop 1 floor!
 42446 | Shoals:3 | Found a runed translucent gate.
 42446 | Shoals:3 | Found a runed translucent gate.
 42446 | Shoals:3 | Found a runed translucent gate.
 43093 | Shoals:3 | Reached XP level 17. HP: 102/126 MP: 20/29
 43811 | Shoals:3 | Reached skill level 15 in Fighting
 44348 | Shoals:4 | Entered Level 4 of the Shoals
 45235 | Shoals:4 | Reached skill level 10 in Dodging
 45594 | Shoals:4 | Noticed Polyphemus
 45710 | Shoals:4 | Killed Polyphemus
 45711 | Shoals:4 | Reached skill level 5 in Summonings
 46138 | Shoals:4 | Noticed a kraken
 47548 | Shoals:4 | Identified the +1 robe of Enkaj {-Tele Slay+4}
 47685 | Shoals:4 | Got the Atlas of Power
 48101 | Shoals:4 | Got a barnacled rune of Zot
 48376 | Spider:1 | Entered Level 1 of the Spider Nest
 49253 | Spider:1 | Reached skill level 17 in Unarmed Combat
 50339 | Spider:1 | Reached XP level 18. HP: 135/135 MP: 15/30
 53795 | Spider:3 | Reached skill level 10 in Earth Magic
 54635 | Spider:3 | Noticed Arachne
 54815 | Spider:3 | Killed Arachne
 55260 | Spider:3 | Gained mutation: You occasionally lose the ability to drink
                  | potions when taking damage. [mutagenic glow]
 56066 | Spider:4 | Entered Level 4 of the Spider Nest
 57616 | Spider:4 | Got a gossamer rune of Zot
 57640 | Spider:4 | Identified the +0 pair of gloves of Issiqask {Str+3}
 58257 | Spider:4 | Noticed Bai Suzhen
 58490 | Spider:4 | Reached XP level 19. HP: 143/143 MP: 8/31
 58820 | Spider:4 | Killed Bai Suzhen
 59352 | Elf:1    | Entered Level 1 of the Elven Halls
 59713 | Elf:1    | Identified the +4 quarterstaff "Ufomm" {speed, Int+3 Dex+3
                  | Stlth+}
 60845 | Elf:2    | Reached skill level 18 in Unarmed Combat
 61055 | Elf:2    | Identified the +5 war axe "Aubergine" {freeze, rCorr}
 61552 | Elf:2    | Found a runed translucent gate.
 61552 | Elf:2    | Found a runed translucent gate.
 61554 | Elf:2    | Found a runed translucent gate.
 61671 | Elf:3    | Entered Level 3 of the Elven Halls
 62195 | Elf:3    | Found Cysail's Weapon Shoppe.
 62515 | Elf:3    | Noticed a Hell Sentinel
 62792 | Elf:3    | Identified the +10 spear "Orb Guardian's Bane" {venom,
                  | Str+2}
 62793 | Elf:3    | Noticed a Tzitzimitl
 63046 | Elf:3    | Identified the ring of Nasu Badd {Fire Dex+5}
 63051 | Elf:3    | Identified the +6 rapier "Icycsyha" {elec, rPois rC- rCorr
                  | Dex+4}
 63057 | Elf:3    | Identified the +11 morningstar of Vanity {distort, Int+5
                  | SInv}
 63301 | Elf:3    | Noticed a Brimstone Fiend
 63635 | Elf:3    | Identified the ring of Oschibasir {rC+ MP+9 Str+2}
 63649 | Elf:3    | Identified the ring "Waezu" {rPois rN+ AC+4}
 63672 | Elf:3    | Got Ewkamura's Elucidation of the Inferno and Shades
 63956 | Elf:3    | Got Vaid's Grimoire of Amorphous Sinister Spells
 64340 | Vaults:1 | Entered Level 1 of the Vaults
 64510 | Vaults:1 | Reached skill level 10 in Summonings
 64510 | Vaults:1 | Reached XP level 20. HP: 151/151 MP: 32/32
 65757 | Vaults:1 | Found a portal to a secret trove of treasure.
 66467 | Vaults:2 | Noticed Frederick
 66924 | Vaults:2 | Noticed Xtahua
 66941 | Vaults:2 | Killed Xtahua
 67256 | Vaults:2 | Reached skill level 19 in Unarmed Combat
 67289 | Vaults:2 | Found a staircase to the Crypt.
 67713 | Vaults:2 | Learned a level 5 spell: Summon Mana Viper
 67721 | Vaults:2 | Learned a level 7 spell: Dragon Form
 68369 | Vaults:2 | Killed Frederick
 68370 | Vaults:2 | Reached XP level 21. HP: 159/159 MP: 33/33
 69061 | Vaults:3 | Noticed Zenata
 69067 | Vaults:3 | Killed Zenata
 72780 | Vaults:4 | Reached skill level 15 in Dodging
 73569 | Depths:1 | Entered Level 1 of the Depths
 73580 | Depths:1 | Reached XP level 22. HP: 167/167 MP: 24/35
 73634 | Depths:1 | HP: 4/250 [ettin/+0 dire flail (25)]
 73965 | Depths:1 | Reached skill level 10 in Spellcasting
 74132 | Depths:1 | Reached skill level 20 in Unarmed Combat
 74597 | Depths:1 | Found a one-way gate to the infinite horrors of the Abyss.
 74756 | Depths:1 | Found Rosediawn's Book Shoppe.
 75002 | Depths:1 | Found a gateway to Hell.
 75454 | Depths:2 | Found a one-way gate leading to the halls of Pandemonium.
 76111 | Depths:2 | Reached skill level 15 in Transmutations
 76603 | Depths:2 | Found a sacrificial altar of Ru.
 76930 | Depths:2 | Slain by a quicksilver dragon

Illustrated notes

Levels and vault maps discovered:
D:1:      psy_arrival_conway, layout_loops_ring,
          shapermc_ecumenical_altar_rom_forum
D:2:      layout_rooms, serial_shops, shop, hex_large, uniq_sigmund
D:3:      layout_rooms, bloody_makhleb
D:4:      layout_basic, elyvilon_altar_4, minmay_temple_entry_grid, uniq_edmund,
          uniq_natasha
D:5:      nicolae_cairo_tiling_large_dashed, layout_rooms,
          nicolae_overflow_crystal_walls, uniq_menkaure
D:6:      layout_basic, nicolae_overflow_hallway_of_the_gods,
          minmay_misc_feat_x, uniq_eustachio, uniq_pikel, uniq_prince_ribbit1
D:7:      minmay_recursive_quarters, layout_basic, nemelex_altar_shiori,
          okawaru_humans
D:8:      layout_loops_ring, lemuel_coloured_pillars_altar
D:9:      layout_basic, uniq_psyche
D:10:     layout_gridville, david_lair_shrubbed, serial_shops, shop, david_greed
D:11:     layout_loops_cross, portal_ice_cave_entry_imps
D:12:     layout_rooms, orc_0_dummy
D:13:     layout_loops_ring
D:14:     minmay_inside_and_out, layout_loops_cross, david_vaults_2,
          serial_aquarium, aquarium_bridge_island_small
          [aquarium_subvault_small_water, aquarium_subvault_window,
          aquarium_subvault_wall, aquarium_subvault_window,
          aquarium_subvault_bridge], aquarium_window_2, aquarium_window_fake,
          aquarium_view_2b, aquarium_view_2d, aquarium_balcony_3b,
          aquarium_pool_2, minmay_misc_feat_doors
D:15:     hangedman_depths_entry_try_elsewhere_first, layout_irregular_city,
          grunt_ministairs_10, serial_bayou_pond_e, uniq_louise
Temple:   hellmonk_temple_of_storms
Lair:1:   layout_hall_layers, serial_bayou_shore_b, uniq_urug, uniq_gastronok
Lair:2:   layout_cave_pods, nicolae_shoals_entry_flooding,
          spider_nest_entry_funnel_web, grunt_megastairs_5,
          infiniplex_staircase_pool_2
Lair:3:   layout_gridlike
Lair:4:   nzn_motion_control, layout_loops_ring, gammafunk_ghost_grave,
          grunt_megastairs_4
Lair:5:   grunt_lair_end_beastmaster, layout_cave_pods, slime_entry_2
Shoals:1: layout_shoals, serial_shops, bzr_entry_customers, nzn_prometheus_bound
Shoals:2: layout_shoals, uniq_nikola, uniq_ilsuiw
Shoals:3: layout_shoals, nicolae_shoals_beach_cooler
Shoals:4: shoals_end_hangedman, layout_shoals, uniq_polyphemus
Spider:1: layout_spider_delve, hangedman_spider_mandibles
Spider:2: layout_spider_delve, nicolae_spider_twisty_arc_passages,
          hangedman_spider_tarantella_strand
Spider:3: layout_cave_pods, uniq_arachne
Spider:4: grunt_spider_rune_circles, drop_trap, nicolae_spider_solar_radiation,
          uniq_bai_suzhen
Orc:1:    layout_caves, mines1_david
Orc:2:    grunt_orc_tribal_feast, layout_caves, nicolae_alphabet_shops
Elf:1:    eino_elf_arrival_customs, layout_geoelf_grid, hangedman_elf_disciples
Elf:2:    nicolae_elf_blades_splatter_lattice
          [nicolae_blade_entry_floor_patterns], layout_rooms,
          nicolae_elf_v_pinch, uniq_azrael
Elf:3:    grunt_elf_hall_branching, layout_geoelf_grid, serial_shops,
          shop_fountains
Vaults:1: v_misc_4, vaults_room_door_ring, vaults_room_pools, st_smaller_cells,
          v_pattern_5, v_misc_16, hangedman_vaults_unwind, v_misc_24,
          vaults_room_grunt_arrival_checkpoint,
          vaults_mumra_minichess_inversion, v_alt_pattern_5, vaults_room_pool,
          vaults_dpeg_hooks, layout_vaults_maze_snakey,
          nicolae_trove_entry_diagonal
Vaults:2: hangedman_vaults_corner_blocks, hangedman_vaults_trim,
          minmay_crypt_entry_vampire_xt, v_alt_pattern_3, v_misc_10, v_rooms_6,
          v_misc_28, vaults_room_grid, hangedman_vaults_maws,
          nicolae_vaults_mini_display_case, v_misc_15,
          nicolae_vaults_angled_halls, v_misc_13, nicolae_vaults_asterisk,
          layout_vaults_omnibox, uniq_frederick, uniq_xtahua
Vaults:3: v_misc_12, v_rooms_4, nicolae_vaults_circle_grid_b,
          dpeg_vaults_monster_box, hangedman_vaults_snaps,
          nicolae_vaults_shelves_hall, vaults_room_large_hall,
          ontoclasm_vaults_chip, nicolae_vaults_little_squares_3,
          vaults_room_pools, v_misc_27, layout_vaults_omnicross, uniq_zenata
Vaults:4: v_rooms_1, hangedman_vaults_stretched_pinwheel, vaults_room_hallway,
          nicolae_vaults_little_squares_4, grunt_vaults_trifunnel,
          grunt_vaults_hallway_short, special_room_vaults [special_room_orc],
          nicolae_vaults_little_squares_3, layout_vaults_quadrants
Depths:1: layout_cave_shapes, hangedman_coc_ice_floe, serial_shops, shop,
          abyss_entry_glasseish, hangedman_decor_opposing,
          serial_sigils_hangedman_leer, serial_sigils_hangedman_quiver,
          dreamdust_looks_like_rain
Depths:2: kennysheep_green_arena, layout_honeycomb, rand_demon_pan_entry_3,
          pf_dread_powers_of_hell, nicolae_ru_awakened_eye, grunt_megastairs_1,
          infiniplex_staircase_trident

Skill      XL: |  1  2  3  4  5  6  7  8  9 10 11 12 13 14 15 16 17 18 19 20 21 22 |
---------------+-------------------------------------------------------------------+-----
Poison Magic   | 1 2 3 |  3.0
Transmutations | 3 4 5 7 10 12 13 14 15 | 15.0
Unarmed Combat | 4 6 7 9 10 11 12 13 14 15 16 17 18 19 20 | 20.5
Ice Magic      | 1 2 4 5 |  5.0
Fighting       | 2 4 5 6 8 9 10 11 12 13 14 15 16 17 18 19 | 19.4
Spellcasting   | 4 5 7 8 9 11 | 11.3
Stealth        | 5 |  5.0
Dodging        | 3 6 7 8 9 10 11 13 14 15 | 15.0
Translocations | 2 5 6 8 10 | 10.0
Earth Magic    | 4 7 9 10 | 10.0
Summonings     | 3 6 8 10 11 | 11.1

Action                     |  1- 3 |  4- 6 |  7- 9 | 10-12 | 13-15 | 16-18 | 19-21 | 22-24 || total
---------------------------+-------+-------+-------+-------+-------+-------+-------+-------++-------
  Melee: Unarmed           |    73 |   134 |   168 |   490 |   937 |  1064 |  1037 |   309 ||  4212
         Constrict         |    21 |     4 |     5 |     1 |    50 |   160 |   101 |    22 ||   364
         Kick              |    17 |    11 |    10 |       |       |       |       |       ||    38
         Tentacles         |    14 |     9 |     7 |       |    85 |   237 |   195 |    58 ||   605
         Punch             |     3 |     3 |     2 |     1 |    38 |   116 |   118 |    35 ||   316
         Tailslap          |       |       |       |       |       |       |     8 |     7 ||    15
         Bite              |       |       |       |       |       |       |     6 |     4 ||    10
  Throw: Stone             |     3 |     5 |     7 |     9 |    13 |    58 |    21 |    10 ||   126
         Dart              |       |       |       |    11 |     5 |     1 |       |       ||    17
   Cast: Beastly Appendage |    22 |    13 |     6 |       |       |       |       |       ||    41
         Wereblood         |     2 |       |     1 |     8 |    20 |     7 |     9 |     1 ||    48
         Spider Form       |     2 |    16 |    22 |    15 |     9 |       |       |       ||    64
         Ice Form          |       |       |     8 |    60 |    56 |       |       |       ||   124
         Manifold Assault  |       |       |       |    37 |   197 |   267 |   338 |    96 ||   935
         Blade Hands       |       |       |       |       |    84 |    88 |    33 |       ||   205
         Statue Form       |       |       |       |       |       |   102 |    82 |    23 ||   207
         Dragon Form       |       |       |       |       |       |       |    10 |     9 ||    19
 Invoke: Potion Petition   |       |       |       |     5 |     4 |     6 |     4 |       ||    19
         Call Merchant     |       |       |       |       |       |     2 |       |       ||     2
Ability: End Transformatio |    13 |    18 |    25 |    63 |   117 |   175 |   104 |    26 ||   541
         Breathe Fire      |       |       |       |       |       |       |     3 |     6 ||     9
  Evoke: Wand              |       |       |       |       |       |    11 |       |       ||    11
    Use: Scroll            |     4 |     3 |       |    20 |     2 |     7 |       |       ||    36
         Potion            |       |     1 |       |       |       |     9 |       |     5 ||    15
   Stab: Sleeping          |     5 |     3 |     2 |     1 |     2 |     1 |     2 |       ||    16
         Distracted        |       |       |       |     2 |     5 |     4 |     4 |     1 ||    16
 Armour: Skin              |     2 |     6 |     8 |    60 |    96 |   430 |   304 |   106 ||  1012
  Dodge: Dodged            |    40 |    63 |   108 |   232 |   359 |   741 |   466 |   150 ||  2159
  Block: Other             |       |    21 |    28 |     4 |       |       |       |       ||    53
         Reflection        |       |     1 |     1 |       |       |       |       |       ||     2

Table legend: (Time is in decaauts)
 A = Elapsed time spent in this place.
 B = Non-inter-level travel time spent in this place.
 C = Inter-level travel time spent in this place.
 D = Time resting spent in this place.
 E = Time spent auto-exploring this place.
 F = Levels seen in this place.
 G = Mean time per level.
                   A        B        C        D        E       F      G
               +--------+--------+--------+--------+--------+-----+--------+
         Total |  77585 |  74620 |   2965 |  30364 |  21362 |  41 | 1892.3 |
       Dungeon |  23272 |  21958 |   1314 |   6714 |   8266 |  15 | 1551.5 |
        Temple |     49 |     39 |     10 |      0 |     24 |   1 |   49.0 |
          Lair |  11173 |  10702 |    471 |   4072 |   3877 |   5 | 2234.6 |
        Shoals |   8713 |   8636 |     77 |   5776 |    164 |   4 | 2178.2 |
   Spider Nest |  11160 |  10940 |    220 |   4822 |   3243 |   4 | 2790.0 |
  Orcish Mines |   4363 |   4082 |    281 |   2174 |    826 |   2 | 2181.5 |
   Elven Halls |   5067 |   4761 |    306 |   2091 |   1084 |   3 | 1689.0 |
        Vaults |   9511 |   9269 |    242 |   3186 |   2769 |   4 | 2377.8 |
        Depths |   2707 |   2664 |     43 |    512 |   1109 |   2 | 1353.5 |
      Ice Cave |   1566 |   1566 |      0 |   1014 |      0 |   1 | 1566.0 |
               +--------+--------+--------+--------+--------+-----+--------+

Top non-repeatable levels by time:
Spider:3: 3857 daAuts
   Orc:1: 3308 daAuts
  Lair:2: 2987 daAuts
Spider:2: 2958 daAuts
  Lair:4: 2881 daAuts
    D:15: 2850 daAuts
    D:14: 2816 daAuts
Vaults:4: 2587 daAuts
Shoals:3: 2515 daAuts
Shoals:1: 2444 daAuts
Spider:1: 2423 daAuts
Vaults:2: 2412 daAuts
Vaults:3: 2403 daAuts
     D:7: 2335 daAuts
Shoals:4: 2300 daAuts
